 Dungeon Crawl Stone Soup version 0.31-a0-868-g674d60d6f7 (webtiles) character file.

Game seed: 3642104245075310021

998 LeprechaunX the Changeling (level 8, -1/54 HPs)
             Began as an Octopode Shapeshifter on Oct 12, 2023.
             Was an Initiate of Hepliaklqana.
             Slain by a bullfrog (6 damage)
             ... on level 5 of the Dungeon.
             The game lasted 00:05:48 (4499 turns).

LeprechaunX the Changeling (Octopode Shapeshifter)  Turns: 4499, Time: 00:05:49

Health: -1/54      AC:  1    Str: 15    XL:     8   Next: 19%
Magic:  8/8        EV: 14    Int: 13    God:    Hepliaklqana [......]
Gold:   319        SH:  5    Dex: 11    Spells: 7/7 levels left

rFire   . . .        a - +2 dagger (protect)
rCold   . . .        (no shield)
rNeg    + . .        (helmet currently unavailable)
rPois   .            y - amulet of reflection
rElec   .            v - ring of positive energy
rCorr   .            w - +4 ring of slaying
SInv    .            (no ring)
Will    .....        (no ring)
Stlth   ++           (no ring)
HPRegen 0.29/turn    (no ring)
MPRegen 0.11/turn    (no ring)
                     (no ring)

%: reflection
@: beast-form
A: beast (slay +3), almost no armour, amphibious, 8 rings, camouflage 1,
gelatinous body 1, (nimble swimmer 1), tentacles
a: Begin Untransformation, Renounce Religion


You were on level 5 of the Dungeon.
You worshipped Hepliaklqana.
Hepliaklqana was noncommittal.
You were a hulking beast.
You visited 2 branches of the dungeon, and saw 7 of its levels.

You collected 319 gold pieces.

Inventory:

Hand Weapons
 a - a +2 dagger of protection (weapon)
 b - a +0 sling
Missiles
 x - 3 boomerangs
Jewellery
 v - a ring of positive energy (left tentacle)
 w - a +4 ring of slaying (right tentacle)
 y - an amulet of reflection (around mantle)
Talismans
 c - a flux talisman
 s - a beast talisman (active)
Scrolls
 d - a scroll of torment {unknown}
 e - 3 scrolls of fog
 f - 2 scrolls of revelation
 g - a scroll of amnesia {unknown}
 h - a scroll of butterflies {unknown}
 i - 3 scrolls of teleportation {unknown}
 j - 3 scrolls of poison
 k - a scroll of immolation {unknown}
 m - a scroll of fear {unknown}
 r - a scroll of enchant weapon {unknown}
 t - 2 scrolls of identify
 A - a scroll of vulnerability {unknown}
 C - a scroll of enchant armour {unknown}
Potions
 l - a potion of lignification
 n - 3 potions of curing
 o - 3 potions of brilliance {unknown}
 p - a potion of berserk rage {unknown}
 q - a potion of attraction {unknown}
 u - a potion of haste {unknown}
 z - 2 potions of degeneration {unknown}
 B - a potion of heal wounds {unknown}


   Skills:
 + Level 4.1 Fighting
 + Level 4.4 Dodging
 + Level 5.0 Unarmed Combat
 * Level 6.1 Shapeshifting


You had 7 spell levels left.
You didn't know any spells.
Your spell library contained the following spells:

 Spells                   Type           Power      Damage    Failure   Level
 Kiss of Death            Conj/Necr      0%         2d5       30%         1
 Ensorcelled Hibernation  Hex/Ice        0%         N/A       43%         2
 Passwall                 Tmut/Erth      0%         N/A       43%         2
 Frozen Ramparts          Ice            0%         1d1       67%         3
 Stone Arrow              Conj/Erth      0%         3d7       67%         3
 Swiftness                Air            0%         N/A       67%         3
 Petrify                  Tmut/Erth      0%         N/A       97%         4
 Metabolic Englaciation   Hex/Ice        0%         N/A       100%        5
 Lehudib's Crystal Spear  Conj/Erth      0%         10d2      100%        8
 Animate Armour           Summ/Erth      Unusable   N/A       N/A         4

Dungeon Overview and Level Annotations

Branches:
Dungeon (6/15)             Temple (1/1) D:5

Altars:
Ashenzari
Dithmenos
Elyvilon
Fedhas
Gozag
Hepliaklqana
Kikubaaqudgha
Makhleb
Nemelex Xobeh
Okawaru
Qazlal
Ru
Sif Muna
Trog
Uskayaw
Vehumet
Wu Jian
Xom
Yredelemnul
Zin
The Shining One

Shops:
D:3 [

Annotations:
D:6 Jeremiah


Innate Abilities, Weirdness & Mutations

You are a hulking beast.
Your limbs bulge with bestial killing power. (Slay +3)
You cannot wear most types of armour.
You are amphibious.
You can wear up to eight rings at the same time.
Your skin changes colour to match your surroundings (Stealth+).
Your rubbery body absorbs attacks. (AC +1, EV +1)
((You are camouflaged when in or above water. (Stealth+)))
You have tentacles for arms and can constrict up to eight enemies at once.


Message History

Found 4 stones.
The white imp moves out of view.
A hound is nearby!
Found a tiger eye-encrusted chain mail.
Jeremiah, Barachi Dreamer comes into view.
They are wielding a +4 trident of draining and wearing an orb of energy.
Jeremiah shouts!
The white imp shouts!
A bullfrog comes into view.
The hound barks!
The hound stops to sniff the ground.
Jeremiah mumbles a slurred invocation.
Something smites you!
Jeremiah throws their arms up pleadingly.
Something smites you!
The bullfrog gives a loud, deep croak!
Unknown command.
Jeremiah asks, "Am I dreaming?
Is this real?"
The white imp gestures at you. The puff of frost hits you!
* * * LOW HITPOINT WARNING * * *
The hound barely misses you. The hound attacks as it pursues you!
You block the hound's attack. The hound attacks as it pursues you!
The hound closely misses you. The hound barely misses you.
The white imp gestures at you. The puff of frost hits you!
* * * LOW HITPOINT WARNING * * *
You block the hound's attack.
There is a stone staircase leading up here.
Unknown command.
The butterfly disappears in a burst of colours!
The hound completely misses you. You block the bullfrog's attack.
Jeremiah hops!
The hound bites you.
* * * LOW HITPOINT WARNING * * *
The bullfrog barely misses you.
You climb upwards.
There is a stone staircase leading down here.
You barely miss the bullfrog. Your grab misses the bullfrog.
You squeeze the bullfrog.
The bullfrog is moderately wounded.
The hound closely misses you. The bullfrog hits you.
You die...

............#.#.###.## #.#.
##...#.#.........##..###### #.#.
##..###..............#PPP# #.##
####................###P_.# #.#.
#...............#....##.P.# #.#.
....##...............#P.P## #.#.
......[......##......#..P#####.#.
..##...#.....##.............##...
..#...##..##....h...............#
##..#.....###..h.F..#P.P#####...#
##..#.....##.......##...# ##...#
#...#.>....#..##...#PP.#####....#
........#....#####.#P_.#...#..##.
#.....######..##.#.#P.P#.........
#......####........#####.........
##......<###.......#.....#..#...#
#.......## #......##.........#.#.


You could see a bullfrog and a hound.

Vanquished Creatures
  3 ogres (D:5)
  A kobold brigand (D:6)
  A scorpion (D:4)
  4 wights (D:6)
  A howler monkey (D:5)
  2 hounds
  5 iguanas
  An orc wizard (D:5)
  5 adders
  2 worms (D:2)
  7 dart slugs
  5 orcs (D:5)
  6 endoplasms
  2 giant cockroaches
  10 goblins
  5 hobgoblins
  4 jackals
  8 kobolds
  2 quokkas (D:3)
  8 ball pythons
  5 bats
  3 frilled lizards
  5 rats
95 creatures vanquished.

Notes
Turn   | Place    | Note
-------+----------+-------------------------------------------
     0 | D:1      | LeprechaunX the Octopode Shapeshifter began the quest for
                  | the Orb.
     0 | D:1      | Reached XP level 1. HP: 13/13 MP: 1/1
    45 | D:1      | Reached XP level 2. HP: 13/18 MP: 2/2
   410 | D:1      | Reached XP level 3. HP: 23/23 MP: 3/3
   866 | D:2      | Found a glowing silver altar of Zin.
   959 | D:2      | Found a faded altar of an unknown god.
   962 | D:2      | Got a well-preserved book
  1328 | D:2      | Reached XP level 4. HP: 29/29 MP: 4/4
  1882 | D:3      | Reached skill level 4 in Shapeshifting
  1882 | D:3      | Reached XP level 5. HP: 22/34 MP: 5/5
  2284 | D:3      | Found Bigyd's Antique Armour Shoppe.
  3252 | D:4      | Reached XP level 6. HP: 41/41 MP: 6/6
  3325 | D:5      | Entered Level 5 of the Dungeon
  3356 | D:5      | Found a staircase to the Ecumenical Temple.
  3376 | Temple   | Entered the Ecumenical Temple
  3390 | Temple   | Became a worshipper of Hepliaklqana the Forgotten
  3427 | D:5      | Found a glowing silver altar of Zin.
  3428 | D:5      | Found a white marble altar of Elyvilon.
  3614 | D:5      | Reached skill level 5 in Shapeshifting
  3614 | D:5      | Reached XP level 7. HP: 23/46 MP: 7/7
  3788 | D:5      | Found an ancient bone altar of Kikubaaqudgha.
  3791 | D:5      | Found a blossoming altar of Fedhas.
  3953 | D:5      | Found a sparkling altar of Nemelex Xobeh.
  4175 | D:6      | Reached XP level 8. HP: 54/54 MP: 8/8
  4304 | D:6      | Reached skill level 5 in Unarmed Combat
  4304 | D:6      | Reached skill level 6 in Shapeshifting
  4403 | D:6      | Found a broken altar of Ashenzari.
  4486 | D:6      | Noticed Jeremiah
  4499 | D:5      | Slain by a bullfrog

Illustrated notes

Levels and vault maps discovered:
D:1:      giann_bridges, layout_basic
D:2:      layout_basic, shapermc_ecumenical_altar_rom_forum, basic_altar
D:3:      layout_basic, serial_shops, nicolae_shop_peninsula
D:4:      layout_loops_ring
D:5:      layout_cave_pools, grunt_temple_overflow_growth_and_decay,
          mainiacjoe_overflow_small_starburst, nicolae_overflow_squiral,
          minmay_temple_entry_mini_moons, minmay_misc_feat_ornament
D:6:      layout_rooms, cheibrodos_ashenzari_chains, kennysheep_generic_room_13,
          uniq_jeremiah
Temple:   regret_index_temple_waves

Skill      XL: |  1  2  3  4  5  6  7  8 |
---------------+-------------------------+-----
Fighting       | 2 3 4 |  4.1
Shapeshifting  | 4 5 6 |  6.1
Dodging        | 3 4 |  4.4
Unarmed Combat | 4 5 |  5.0

Action                     |  1- 3 |  4- 6 |  7- 9 || total
---------------------------+-------+-------+-------++-------
  Melee: Unarmed           |    53 |       |       ||    53
         Constrict         |    17 |    24 |    10 ||    51
         Tentacles         |     9 |    24 |     6 ||    39
         Punch             |     3 |     2 |     1 ||     6
         Dagger            |    24 |    98 |    28 ||   150
   Fire: Sling             |       |       |    23 ||    23
    Use: Scroll            |       |     4 |       ||     4
   Stab: Sleeping          |    11 |     6 |       ||    17
 Armour: Skin              |    18 |    51 |    17 ||    86
  Dodge: Dodged            |    46 |    45 |    30 ||   121
  Block: Other             |       |       |     7 ||     7

Table legend: (Time is in decaauts)
 A = Elapsed time spent in this place.
 B = Non-inter-level travel time spent in this place.
 C = Inter-level travel time spent in this place.
 D = Time resting spent in this place.
 E = Time spent auto-exploring this place.
 F = Levels seen in this place.
 G = Mean time per level.
                   A        B        C        D        E       F      G
               +--------+--------+--------+--------+--------+-----+--------+
         Total |   4499 |   4287 |    212 |    352 |   3213 |   7 |  642.7 |
       Dungeon |   4470 |   4284 |    186 |    352 |   3213 |   6 |  745.0 |
        Temple |     28 |      2 |     26 |      0 |      0 |   1 |   28.0 |
               +--------+--------+--------+--------+--------+-----+--------+

Top non-repeatable levels by time:
     D:3: 1068 daAuts
     D:5: 820 daAuts
     D:4: 776 daAuts
     D:2: 755 daAuts
     D:1: 719 daAuts
     D:6: 329 daAuts
  Temple: 28 daAuts
